 Dungeon Crawl Stone Soup version 0.29-a0-821-g6639535 (webtiles) character file.

Game seed: 13939938972022849207

3 PurpleRed the Sneak (level 1, -3/12 HPs)
             Began as a Deep Elf Brigand on July 7, 2022.
             Constricted to death by Ijyb (5 damage)
             ... on level 3 of the Dungeon.
             The game lasted 00:01:54 (270 turns).

PurpleRed the Sneak (Deep Elf Brigand)               Turns: 270, Time: 00:01:55

Health: -3/12      AC:  3    Str:  8    XL:     1   Next: 41%
Magic:  4/4        EV:  9    Int: 15    God:
Gold:   36         SH:  0    Dex: 16    Spells: 1/1 levels left

rFire   . . .      SeeInvis .   a - +2 dagger
rCold   . . .      Faith    .   (no shield)
rNeg    . . .      Spirit   .   b - +0 robe
rPois   .          Reflect  .   (no helmet)
rElec   .          Harm     .   c - +0 cloak
rCorr   .          Rampage  .   (no gloves)
Will    .....                   (no boots)
Stlth   +++.......              (no amulet)
HPRegen 0.04/turn               (no ring)
MPRegen 0.09/turn               (no ring)

@: brilliant, grasped by roots, constricted
A: no striking features
a: no special abilities


You were on level 3 of the Dungeon.
You visited 1 branch of the dungeon, and saw 3 of its levels.

You collected 36 gold pieces.

Inventory:

Hand Weapons
 a - a +2 dagger (weapon)
Missiles
 d - 9 poisoned darts (quivered)
 e - 2 curare-tipped darts
Armour
 b - a +0 robe (worn)
 c - a +0 cloak (worn)
Scrolls
 i - 2 scrolls of identify {unknown}
 j - a scroll of immolation {unknown}
 k - a scroll of noise {unknown}
Potions
 f - a potion of curing
 g - 2 potions of brilliance


   Skills:
 + Level 1.7 Fighting
 - Level 2.0 Short Blades
 - Level 2.0 Throwing
 - Level 1.2 Dodging
 - Level 4.8 Stealth
 + Level 0.8 Spellcasting


You had one spell level left.
You didn't know any spells.
Your spell library was empty.

Dungeon Overview and Level Annotations

Branches:
Dungeon (3/15)

Altars:

Annotations:
D:3 Ijyb


Message History

a +0 short sword; 3 stones; a kobold corpse A frilled lizard comes into view.
The helpless frilled lizard fails to defend itself.
You impale the frilled lizard!!
You kill the frilled lizard!
You see here a frilled lizard corpse.
There is a stone staircase leading down here.
You climb downwards.
Found a scroll labelled PAHUBA ALOJAMM.
There is a stone staircase leading up here.
i - 2 scrolls labelled PAHUBA ALOJAMM (gained 1)
A ball python comes into view.
The helpless ball python fails to defend itself.
You impale the ball python!!
You kill the ball python!
You see here a ball python corpse.
Ijyb the Twisted Goblin comes into view.
She is wielding a +0 dagger, wearing a +3 ring mail of poison resistance and carrying a wand of roots (12).
Throw: 3 darts (curare)
Press: ? - help, Shift-Dir - straight line, f - Ijyb
Aim: Ijyb, wielding a +0 dagger, wearing a +3 ring mail of poison resistance and carrying a wand of roots (12) (asleep, 98% to hit)
You throw a curare-tipped dart. The curare-tipped dart hits Ijyb.
Ijyb shouts!
You aren't carrying any items that you can evoke.
Unknown command.
It was a potion of curing.
You feel better.
It was a potion of brilliance.
You feel clever all of a sudden. Ijyb hits you with a +0 dagger.
You hit Ijyb.
Ijyb is lightly wounded.
Ijyb zaps a wand.
The roots erupt in riotous growth!
The grasping roots grab you!
Ijyb is unaffected.
The grasping roots constrict you!
Ouch! That really hurt!
* * * LOW HITPOINT WARNING * * *
You hear a shout! x2; You hear an angry hiss. x2
As you read the scroll labelled KAZUOSEFUPH, it crumbles to dust.
You assume a fearsome visage.
Ijyb looks frightened!
It was a scroll of fear.
The grasping roots constrict you.
You die...

. .. # .### .#
...## #####.####.
#..# ####..@.g.....
#.####....###..####
######..†...#### .#
........##### #
#...##.### #..
#...# #. ###.# #
#.# #.#


You could see Ijyb (fleeing).

Vanquished Creatures
  A ball python (D:3)
  A frilled lizard (D:2)
  A kobold (D:2)
  A rat (D:1)
4 creatures vanquished.

Notes
Turn   | Place    | Note
-------+----------+-------------------------------------------
     0 | D:1      | PurpleRed the Deep Elf Brigand began the quest for the Orb.
     0 | D:1      | Reached XP level 1. HP: 12/12 MP: 3/3
    95 | D:2      | Found a faded altar of an unknown god.
   265 | D:3      | Noticed Ijyb
   270 | D:3      | Constricted to death by Ijyb

Illustrated notes

Levels and vault maps discovered:
D:1:      moated_graveyard_arrival, layout_basic
D:2:      minmay_spotlight, layout_basic, basic_altar,
          nicolae_ecumenical_pavilion, nicolae_hexahallways, minivault_25,
          uniq_natasha
D:3:      layout_rooms, nemelex_dance_club_becter, minitemple,
          ebering_ghost_disaster_area, uniq_sigmund, uniq_ijyb, uniq_terence

Action                   || total
-------------------------++-------
Melee: Dagger            ||     5
Throw: Dart              ||     1
  Use: Potion            ||     2
       Scroll            ||     1
 Stab: Sleeping          ||     3
Dodge: Dodged            ||     1

Table legend: (Time is in decaauts)
 A = Elapsed time spent in this place.
 B = Non-inter-level travel time spent in this place.
 C = Inter-level travel time spent in this place.
 D = Time resting spent in this place.
 E = Time spent auto-exploring this place.
 F = Levels seen in this place.
 G = Mean time per level.
                   A        B        C        D        E       F      G
               +--------+--------+--------+--------+--------+-----+--------+
         Total |    269 |    248 |     21 |      0 |      0 |   3 |   89.7 |
       Dungeon |    269 |    248 |     21 |      0 |      0 |   3 |   89.7 |
               +--------+--------+--------+--------+--------+-----+--------+

Top non-repeatable levels by time:
     D:1: 171 daAuts
     D:2: 73 daAuts
     D:3: 24 daAuts
